 Dungeon Crawl Stone Soup version 0.30.1 (webtiles) character file.

Game seed: 15522086096071665512

1232 AgateBread the Firebug (level 8, -1/60 HPs)
             Began as a Human Cinder Acolyte on July 8, 2023.
             Was an Initiate of Ignis.
             Slain by an orc
             ... wielding a +0 hand axe
              (5 damage)
             ... on level 6 of the Dungeon.
             The game lasted 00:24:30 (6699 turns).

AgateBread the Firebug (Human Cinder Acolyte)       Turns: 6699, Time: 00:24:30

Health: -1/60      AC:  4    Str: 16    XL:     8   Next: 77%
Magic:  18/18      EV: 11    Int: 16    God:    Ignis [......]
Gold:   284        SH:  0    Dex:  8    Spells: 7/9 levels left

rFire   + . .        a - -1 hand axe (flame)
rCold   . . .        (no shield)
rNeg    . . .        b - +0 robe
rPois   .            B - +1 hat
rElec   .            (no cloak)
rCorr   +            e - +0 pair of gloves
SInv    .            (no boots)
Will    .....        (no amulet)
Stlth   +            k - ring of magical power
HPRegen 0.30/turn    n - ring of resist corrosion
MPRegen 0.16/turn

%: no passive effects
@: about to teleport
A: no striking features
a: Renounce Religion


You were on level 6 of the Dungeon.
You worshipped Ignis.
Ignis was noncommittal.
You visited 1 branch of the dungeon, and saw 6 of its levels.
You also visited: Sewer.

You collected 284 gold pieces.

Inventory:

Hand Weapons
 a - a -1 hand axe of flaming (weapon)
 x - a +0 heavy battleaxe
Missiles
 o - 6 boomerangs
 y - 6 curare-tipped darts
Armour
 b - a +0 robe (worn)
 e - a +0 pair of gloves (worn)
 f - a +0 leather armour
 l - a +0 ring mail
 v - a +0 troll leather armour {Pargi}
 w - a +0 chain mail
 B - a +1 hat (worn)
Jewellery
 k - a ring of magical power (left hand)
 n - a ring of resist corrosion (right hand)
 A - a ring of protection from cold
Scrolls
 d - 4 scrolls of teleportation
 h - a scroll of immolation
 i - a scroll of fog
 j - a scroll of fear {unknown}
 r - 4 scrolls of blinking
 t - a scroll of enchant weapon {unknown}
Potions
 g - 5 potions of berserk rage
 m - 2 potions of heal wounds {unknown}
 p - a potion of attraction
 q - a potion of brilliance {unknown}
 s - a potion of invisibility {unknown}
 u - a potion of flight {unknown}
 z - a potion of haste {unknown}
 C - a potion of magic
 D - a potion of mutation {unknown}


   Skills:
 - Level 3.7 Fighting
 - Level 7.0 Axes
 - Level 1.2 Spellcasting
 + Level 7.9 Fire Magic


You had 7 spell levels left.
You knew the following spells:

 Your Spells              Type           Power      Damage    Failure   Level
a - Scorch                Fire           52%        2d7       1%          2

Your spell library contained the following spells:

 Spells                   Type           Power      Damage    Failure   Level
 Freeze                   Ice            0%         1d3       22%         1
 Frozen Ramparts          Ice            0%         1d1       56%         3
 Hailstorm                Conj/Ice       0%         3d3       56%         3


Dungeon Overview and Level Annotations

Branches:
Dungeon (6/15)              Sewer (visited)
 Temple: D:4-7

Altars:
Dithmenos
Okawaru
Trog
Uskayaw

Shops:
D:3 (


Message History

The orc wizard hits you with a +0 dagger.
You barely miss the orc. You closely miss the orc wizard.
The orc hits you but does no damage.
An orc comes into view. It is wielding a +0 hand axe.
The orc wizard gestures at you while chanting.
You are confused.
The orc shouts!
The orc wizard gestures at you while chanting.
The magic dart hits you.
Things that are here:
a +0 dagger; a +0 robe You feel better.
The orc barely misses you.
An orc priest comes into view. It is wielding a +0 short sword.
The orc wizard casts a spell at you.
You are confused.
It was a potion of magic.
Magic courses through your body. The orc misses you.
The orc priest looks braver for a moment.
The orc wizard barely misses you. The orc barely misses you.
The orc hits you with a +0 flail.
The orc priest begins to cast a cantrip, but forgets the words!
The orc attacks as you move away! The orc barely misses you.
The orc wizard attacks as you move away!
The orc wizard hits you with a +0 dagger.
The orc attacks as you move away! The orc misses you.
The orc hits you with a +0 flail.
You're too confused to move!
You feel less confused. The orc barely misses you.
The orc wizard hits you but does no damage.
Okay, then.
Okay, then.
As you read the scroll of teleportation, it crumbles to dust.
You feel strangely unstable. The orc hits you with a +0 flail.
The orc priest mumbles some strange prayers to Beogh against you.
Beogh smites you!
* * * LOW HITPOINT WARNING * * *
The orc wizard hits you with a +0 dagger.
* * * LOW HITPOINT WARNING * * *
The orc hits you with a +0 hand axe.
You die...

#..# # #######..####..
#oo.o).........
o..####........
#..).##.#.. ##.).)# ..
#...o.# #.## #....o#
#..### #..o@o# ###...##
##....# #..†...# ###.##
#......###
########.####........#
#....................###
#.##############.......##
#.....#.#. #.....#.#.
#####.....


You could see an orc priest, an orc wizard and 2 orcs.

Vanquished Creatures
  Pargi (Sewer)
  A sky beast (D:6)
  An ogre (D:4)
  A centaur (D:5)
  Blork the orc (D:4)
  A bullfrog (D:6)
  A scorpion (D:5)
  A howler monkey (D:4)
  5 orc priests
  3 hounds
  A jelly (D:4)
  An iguana (D:4)
  A gnoll bouda (D:4)
  4 orc wizards
  10 gnolls
  6 adders
  A river rat (D:5)
  A worm (D:2)
  7 orcs
  6 endoplasms
  7 giant cockroaches
  9 goblins
  3 hobgoblins
  7 jackals
  6 quokkas
  6 ball pythons
  9 bats
  9 frilled lizards
  6 kobolds
  9 rats
125 creatures vanquished.

Vanquished Creatures (others)
  58 foxfires
58 creatures vanquished.

Grand Total: 183 creatures vanquished

Notes
Turn   | Place    | Note
-------+----------+-------------------------------------------
     0 | D:1      | AgateBread the Human Cinder Acolyte began the quest for the
                  | Orb.
     0 | D:1      | Reached XP level 1. HP: 18/18 MP: 2/2
   109 | D:1      | Reached XP level 2. HP: 20/24 MP: 3/3
   112 | D:1      | Learned a level 2 spell: Scorch
   763 | D:1      | Reached XP level 3. HP: 29/29 MP: 4/4
  1796 | D:2      | Reached XP level 4. HP: 35/35 MP: 0/5
  2548 | D:3      | Found a faded altar of an unknown god.
  2624 | D:3      | Found Onehashy's Weapon Shop.
  2677 | D:3      | Reached XP level 5. HP: 42/42 MP: 6/6
  3251 | D:4      | Found a hide-covered altar of Uskayaw.
  3297 | D:4      | Noticed an ogre
  3302 | D:4      | Killed an ogre
  3303 | D:4      | Reached XP level 6. HP: 48/48 MP: 7/7
  3370 | D:4      | Reached skill level 5 in Fire Magic
  3379 | D:4      | Reached skill level 5 in Axes
  3644 | D:4      | Reached XP level 7. HP: 29/53 MP: 8/8
  3684 | D:4      | Noticed Blork the orc
  3691 | D:4      | Killed Blork the orc
  4025 | D:4      | Found a shadowy altar of Dithmenos.
  4248 | D:4      | Found a bloodstained altar of Trog.
  4325 | D:5      | Entered Level 5 of the Dungeon
  4696 | D:5      | Found a glowing drain.
  4705 | Sewer    | Entered a sewer
  4800 | Sewer    | Noticed Pargi
  4805 | Sewer    | Killed Pargi
  4806 | Sewer    | Reached XP level 8. HP: 51/60 MP: 9/9
  5550 | D:5      | Found an iron altar of Okawaru.
  6699 | D:6      | Slain by an orc

Illustrated notes

Levels and vault maps discovered:
D:1:      wander_arrival_chamber, layout_basic, chequers_jeans
D:2:      layout_basic, minmay_splitting_lines
D:3:      layout_basic, serial_shops, nicolae_shop_trees,
          shapermc_ecumenical_altar_ellora
D:4:      layout_cave_pools, lemuel_crystal_altar,
          mainiacjoe_overflow_surrounded_room, nicolae_uskayaw_dance_hall,
          uniq_blork_the_orc
D:5:      layout_loops_ring, okawaru_metal_pillars_3, gup_sewer_entry_bowl,
          chequers_arboretum
D:6:      layout_basic, temple_doors_e, serial_shops, shop, roderic_malta_cross

Skill      XL: |  1  2  3  4  5  6  7  8 |
---------------+-------------------------+-----
Fire Magic     | 4 5 6 7 |  7.9
Axes           | 4 5 6 7 |  7.0
Fighting       | |  3.7
Spellcasting   | |  1.2

Action                     |  1- 3 |  4- 6 |  7- 9 || total
---------------------------+-------+-------+-------++-------
  Melee: Hand axe          |    98 |    95 |   105 ||   298
         Punch             |       |     1 |       ||     1
   Cast: Scorch            |    13 |    27 |    40 ||    80
 Invoke: Fiery Armour      |       |     3 |     3 ||     6
         Foxfire Swarm     |       |       |     4 ||     4
         Rising Flame      |       |       |     1 ||     1
    Use: Scroll            |     4 |     1 |     6 ||    11
         Potion            |       |       |     4 ||     4
 Armour: Robe              |    37 |    57 |    28 ||   122
  Dodge: Dodged            |    70 |    71 |    84 ||   225
